 Seeded DCSS version 0.28-a0-1567-g1695149f81 (webtiles) character file.

Game seed: 152 (custom seed)

143 knot the Skirmisher (level 5, 28/42 HPs)
             Began as a Demonspawn Berserker on Jan 19, 2022.
             Was a Believer of Trog.
             Quit the game on level 3 of the Dungeon.
             The game lasted 00:02:24 (2389 turns).

knot the Skirmisher (Demonspawn Berserker)          Turns: 2389, Time: 00:02:25

Health: 28/42      AC:  5    Str: 17    XL:     5   Next: 4%
Magic:  5/5        EV: 12    Int: 11    God:    Trog [**....]
Gold:   37         SH:  5    Dex: 12    Spells: 4/4 levels left

rFire   . . .      SeeInvis .   a - +0 hand axe
rCold   . . .      Faith    .   (no shield)
rNeg    . . .      Spirit   .   b - +0 animal skin
rPois   .          Reflect  +   (no helmet)
rElec   .          Harm     .   (no cloak)
rCorr   .          Rampage  .   e - +0 pair of gloves
Will    .....                   (no boots)
Stlth   +.........              g - amulet of reflection
HPRegen 0.14/turn               (no ring)
MPRegen 0.09/turn               (no ring)

@: mildly poisoned (28 -> 24)
A: icy blue scales 1
a: Renounce Religion, Berserk, Trog's Hand


You were on level 3 of the Dungeon.
You worshipped Trog.
Trog was pleased with you.
You visited 1 branch of the dungeon, and saw 3 of its levels.

You collected 37 gold pieces.

Inventory:

Hand Weapons
 a - a +0 hand axe (weapon)
Missiles
 c - 122 stones (quivered)
 n - 13 bolts
Armour
 b - a +0 animal skin (worn)
 e - a +0 pair of gloves (worn)
Jewellery
 g - an amulet of reflection (around neck)
Wands
 i - a wand of flame (17)
Scrolls
 d - a scroll of enchant armour {unknown}
 f - a scroll of identify {unknown}
 m - a scroll of torment {unknown}
 p - 2 scrolls of teleportation {unknown}
 q - a scroll of noise {unknown}
 r - a scroll of blinking {unknown}
Potions
 h - a potion of cancellation {unknown}
 j - a potion of flight {unknown}
 k - a potion of heal wounds {unknown}
 l - 2 potions of brilliance {unknown}
 o - a potion of mutation {unknown}


   Skills:
 + Level 3.8 Fighting
 + Level 3.4 Axes
 + Level 2.8 Armour
 + Level 2.8 Dodging


You had 4 spell levels left.
You didn't know any spells.
Your spell library was empty.

Dungeon Overview and Level Annotations

Branches:
Dungeon (3/15)

Altars:
Kikubaaqudgha


Innate Abilities, Weirdness & Mutations

You are partially covered in icy blue scales. (AC +2)


Message History

a +0 whip; a +0 leather armour No target in view!
Key pressed, stopping explore.
No target in view!
Found a leather armour.
No target in view!
c - 122 stones (gained 20)
An adder comes into view.
The adder hisses angrily.
An adder is nearby!
You hear the slow rusting of a very distant drain.
You hit the adder but do no damage. The adder barely misses you.
You block the adder's attack.
You hit the adder but do no damage. You block the adder's attack.
You hit the adder.
The adder is heavily wounded.
The adder bites you. x2
You hit the adder.
The adder is severely wounded.
The adder bites you.
You hit the adder.
The adder is severely wounded.
The adder bites you. The adder bites you but does no damage.
You closely miss the adder.
The adder is severely wounded.
You block the adder's attack.
You hit the adder but do no damage.
The adder is severely wounded.
The adder bites you.
You are poisoned.
The adder poisons you! You block the adder's attack.
You hit the adder.
The adder is almost dead.
You feel sick. You block the adder's attack.
You hit the adder.
You kill the adder!
Trog accepts your kill.
You feel sick.
You have reached level 5!
Are you sure you want to abandon this character and quit the game? (Confirm with "yes".)

#.# #.# #.. #.
#.# #. #.# #. #.#
#. #†## #. #@.#
#.##..#####
######.#.........
#[........#######
#.####.#..##..>.
#.......#
♣.♣...[.#
###.......#
##♣.♣.♣...<##


There were no monsters in sight!

Vanquished Creatures
  Natasha (thrice) (D:2)
  2 adders
  A worm (D:2)
  2 dart slugs
  An orc (D:3)
  A ball python (D:2)
  3 endoplasms
  2 giant cockroaches (D:1)
  6 hobgoblins
  2 kobolds (D:1)
  3 quokkas
  4 bats
  12 frilled lizards (D:1)
  3 goblins
  2 rats (D:1)
47 creatures vanquished.

Vanquished Creatures (others)
  5 plants
5 creatures vanquished.

Grand Total: 52 creatures vanquished

Notes
Turn   | Place    | Note
-------+----------+-------------------------------------------
     0 | D:1      | knot the Demonspawn Berserker began the quest for the Orb.
     0 | D:1      | Reached XP level 1. HP: 18/18 MP: 1/1
   460 | D:1      | You fall into a shaft and drop 1 floor!
   491 | D:2      | Gained mutation: You are partially covered in icy blue
                  | scales. (AC +2) [demonic ancestry]
   491 | D:2      | Reached XP level 2. HP: 19/24 MP: 2/2
   858 | D:2      | Noticed Natasha
   867 | D:2      | Killed Natasha
   868 | D:2      | Reached XP level 3. HP: 29/29 MP: 3/3
   976 | D:2      | Noticed Natasha
   991 | D:2      | Killed Natasha
   992 | D:2      | Reached XP level 4. HP: 26/36 MP: 4/4
  1085 | D:2      | Noticed Natasha
  1092 | D:2      | Killed Natasha
  1876 | D:1      | Reached ** piety under Trog
  2163 | D:2      | Found an ancient bone altar of Kikubaaqudgha.
  2389 | D:3      | Reached XP level 5. HP: 28/42 MP: 5/5
  2389 | D:3      | Quit the game

Illustrated notes

Levels and vault maps discovered:
D:1:      beargit_arrival_diablo_church, layout_basic, minmay_lizard_king
D:2:      layout_rooms, basic_altar, uniq_natasha
D:3:      layout_loops_ring, ebering_ecumenical_altar_ruins, serial_forest,
          infiniplex_forest_clump_small, infiniplex_forest_clump_tiny,
          infiniplex_forest_lined_3_way, infiniplex_forest_lined_3,
          infiniplex_forest_straight_2, infiniplex_forest_straight_3,
          infiniplex_forest_lined_room_, infiniplex_forest_end_3,
          infiniplex_forest_zigzag_2, gup_sewer_entry_bubbles

Skill      XL: |  1  2 |
---------------+-------+-----
Dodging        | 2 |  2.8
Armour         | 2 |  2.8
Axes           | 3 |  3.4
Fighting       | |  3.8

Action                   |  1- 3 |  4- 6 || total
-------------------------+-------+-------++-------
Melee: Hand axe          |    51 |    97 ||   148
       Punch             |     1 |     1 ||     2
Invok: Berserk           |     4 |     1 ||     5
 Stab: Sleeping          |     1 |     1 ||     2
Armor: Animal skin       |     8 |    24 ||    32
Dodge: Dodged            |    36 |    64 ||   100
Block: Other             |     4 |    25 ||    29
       Reflection        |       |     1 ||     1

Table legend: (Time is in decaauts)
 A = Elapsed time spent in this place.
 B = Non-inter-level travel time spent in this place.
 C = Inter-level travel time spent in this place.
 D = Time resting spent in this place.
 E = Time spent auto-exploring this place.
 F = Levels seen in this place.
 G = Mean time per level.
                   A        B        C        D        E       F      G
               +--------+--------+--------+--------+--------+-----+--------+
         Total |   2446 |   2355 |     91 |    740 |   1298 |   3 |  815.3 |
       Dungeon |   2446 |   2355 |     91 |    740 |   1298 |   3 |  815.3 |
               +--------+--------+--------+--------+--------+-----+--------+

Top non-repeatable levels by time:
     D:1: 1248 daAuts
     D:2: 1136 daAuts
     D:3: 61 daAuts
